Map: [ESL] Royal Blood

Players

IGXY (XY) - Winner!

  • Race: Terran Terran
  • Spawn Location: 1:00

Jieshi

  • Race: Protoss Protoss
  • Spawn Location: 7:00

Event: ESL SC2 Masters 2023 Summer (Regionals)

VOD

Have the link to the VOD?

Description

Time

  • Played on: May 11, 2023, 7:09 a.m.
  • Length: 6:17

All games in this series

Show
View Real Time Build Order
Export as new Build Order

IGXY Terran - Winner!

Build Orders: 1/1/1 

Get SALT Encoding   

  12  0:00  SCV  
  13  0:12  SCV  
  14  0:17  Supply Depot  
  14  0:24  SCV  
  15  0:39  Barracks, SCV  
  16  0:45  Refinery  
  16  0:51  SCV  
  16  0:55  Refinery  
  17  1:03  SCV  
  18  1:15  SCV  
  19  1:26  Marine  
  19  1:27  Orbital Command  
  20  1:33  Factory  
  20  1:44  Barracks Reactor  
  20  1:47  Supply Depot  
  20  1:52  SCV  
  21  2:04  SCV  
  22  2:09  Supply Depot  
  22  2:16  SCV  
  22  2:18  Starport  
  23  2:28  Hellion  
  23  2:29  Hellion  
  27  2:32  SCV  
  28  2:44  Supply Depot  
  28  2:54  Armory  
  28  2:55  Widow Mine  
  28  2:56  Widow Mine  
  32  3:01  SCV  
  33  3:09  Medivac  
  35  3:13  SCV  
  35  3:19  Widow Mine  
  36  3:21  Widow Mine  
  36  3:24  Barracks Tech Lab  
  36  3:29  Supply Depot  
  36  3:50  Marine x2, Thor  
  44  4:08  Marine x2  
  44  4:16  Liberator  
  47  4:22  SCV  
  48  4:26  Marine x2  
  48  4:36  Siege Tank  
  47  4:38  SCV  
  47  4:44  Marine x2  
  50  5:00  SCV  
  50  5:02  Marine x2  
  51  5:08  Siege Tank  
  51  5:12  SCV  
  53  5:19  Marine  
  54  5:23  Supply Depot  
  54  5:24  Liberator, SCV  
  57  5:37  Marine x2  
  49  5:55  Marine x2  
  50  6:01  SCV  
Show
View Real Time Build Order
Export as new Build Order

Jieshi Protoss 

Build Orders: 1 Gate Expand, Blink Stalkers 

Get SALT Encoding   

  12  0:00  Probe  
  13  0:12  Probe  
  14  0:17  Pylon  
  14  0:24  Probe (Chrono Boost)  
  15  0:37  Probe (Chrono Boost)  
  15  0:38  Gateway  
  16  0:44  Probe (Chrono Boost)  
  16  0:47  Assimilator  
  17  0:51  Probe  
  18  1:03  Probe  
  19  1:15  Probe  
  20  1:26  Cybernetics Core  
  20  1:34  Nexus  
  20  1:38  Pylon  
  20  1:40  Probe  
  21  1:47  Assimilator  
  21  1:52  Probe  
  22  1:59  Adept (Chrono Boost)  
  22  2:02  Warp Gate  
  22  2:04  Probe  
  25  2:17  Probe, Twilight Council  
  25  2:19  Adept (Chrono Boost)  
  28  2:29  Probe  
  29  2:41  Probe  
  30  2:44  Gateway  
  30  2:45  Adept  
  30  2:47  Probe  
  33  2:53  Probe  
  34  2:59  Probe  
  34  3:00  Blink (Chrono Boost)  
  35  3:06  Probe  
  35  3:11  Probe  
  35  3:19  Probe  
  34  3:23  Probe, Robotics Facility  
  35  3:31  Probe  
  36  3:35  Probe  
  37  3:43  Probe  
  37  3:47  Probe  
  39  3:53  Gateway  
  39  3:55  Probe  
  40  3:58  Shield Battery  
  40  4:00  Probe  
  40  4:07  Probe  
  39  4:10  Observer (Chrono Boost)  
  39  4:12  Probe  
  39  4:19  Probe  
  39  4:24  Probe  
  41  4:25  Stalker x2  
  41  4:27  Pylon  
  41  4:29  Observer  
  46  4:35  Probe  
  46  4:36  Probe  
  46  4:41  Pylon  
  46  4:48  Probe, Stalker  
  46  4:50  Stalker  
  51  4:56  Shield Battery  
  51  5:01  Stalker  
  55  5:12  Stalker  
  57  5:16  Pylon  
  57  5:18  Stalker  
  59  5:25  Stalker  
  54  5:38  Pylon  
  54  5:40  Pylon  
  36  5:54  Stalker  
  38  5:59  Pylon  
Tags
 
Add a new tag
Caveats
  • Supply blocks, unpowered buildings, or Contaminate may cause inaccurate times.
  • Supply counts are checked every 10 seconds.